General information
- name: BNet
- type: Ladder team game (AT/RT)
- host: Battle.net
- saver: Chris.Hansen
map: Battleground
- players: 8
- length: 07:17
- speed: Fast
- version: 1.26 W3XP
- replay type: Public
» download(27 KB)
Players
team 1 (loser)

»
King_Cobra (
purple | 24 APM | 68 actions | 02:49)
» actions
| Build / train | 6 | |
| Enter build submenu | 7 | |
| Right click | 26 | |
| Select / deselect | 23 | |
| Use ability | 6 | |
68 total
» units
» buildings
| Crypt | 2 | |
| Altar of Darkness | 1 | |
| Ziggurat | 3 | |
6 total
» build order
00:57 Crypt
01:01 Altar of Darkness
01:04 Crypt
01:08 Ziggurat
01:23 Ziggurat
02:27 Ziggurat
ColdHardKilla (
pink | 23 APM | 71 actions | 03:07)
» actions
| Build / train | 7 | |
| Enter build submenu | 10 | |
| Right click | 12 | |
| Select / deselect | 27 | |
| Use ability | 15 | |
71 total
» units
» buildings
| Altar of Kings | 1 | |
| Farm | 1 | |
| Altar of Elders | 1 | |
| Ancient of War | 2 | |
| Barracks | 2 | |
7 total
» build order
00:43 Altar of Kings
00:49 Farm
01:03 Altar of Elders
01:10 Ancient of War
01:23 Ancient of War
01:36 Barracks
01:43 Barracks
team 2 (winner)
brttgyhtw (
blue | 45 APM | 328 actions | 07:17)
4 Archmage
2 Summon Water Elemental
1 Blizzard
1 Brilliance Aura
» actions
| Build / train | 29 | |
| Enter build submenu | 13 | |
| Enter hero's abilities submenu | 4 | |
| Give item / drop item | 2 | |
| Right click | 110 | |
| Select / deselect | 140 | |
| Use ability | 30 | |
328 total
» units
| Peasant | 9 | |
| Footman | 1 | |
| Rifleman | 7 | |
17 total
» upgrades
» buildings
| Farm | 5 | |
| Altar of Kings | 1 | |
| Barracks | 2 | |
| Blacksmith | 1 | |
| Lumber Mill | 1 | |
| Arcane Vault | 1 | |
| Town Hall | 1 | |
12 total
» build order
00:42 Farm
01:04 Altar of Kings
01:24 Farm
01:40 Barracks
01:49 Blacksmith
02:04 Farm
02:08 Lumber Mill
02:45 Arcane Vault
02:55 Barracks
02:59 Farm
05:01 Farm
06:23 Town Hall
» items
| Lesser Clarity Potion | 3 | |
| Scroll of Regeneration | 2 | |
5 total

»
GeT_Dummied (
yellow | 21 APM | 150 actions | 07:17)
1 Keeper of the Grove
1 Force of Nature
» actions
| Basic commands | 2 | |
| Build / train | 29 | |
| Enter build submenu | 11 | |
| Enter hero's abilities submenu | 1 | |
| Right click | 24 | |
| Select / deselect | 70 | |
| Use ability | 13 | |
150 total
» units
| Wisp | 10 | |
| Archer | 13 | |
| Huntress | 2 | |
| Glaive Thrower | 1 | |
26 total
» upgrades
» buildings
| Altar of Elders | 1 | |
| Moon Well | 6 | |
| Ancient of War | 2 | |
| Hunter's Hall | 1 | |
| Ancient of Wonders | 1 | |
11 total
» build order
00:10 Altar of Elders
00:13 Moon Well
01:11 Ancient of War
01:47 Moon Well
03:18 Moon Well
03:57 Hunter's Hall
04:08 Ancient of Wonders
04:26 Moon Well
05:41 Ancient of War
06:03 Moon Well
07:16 Moon Well
Chris.Hansen (
teal | 51 APM | 370 actions | 07:17)
2 Crypt Lord
1 Carrion Beetles
1 Impale
» actions
| Assign group hotkey | 13 | |
| Basic commands | 1 | |
| Build / train | 26 | |
| Enter build submenu | 9 | |
| Enter hero's abilities submenu | 2 | |
| Remove unit from queue | 1 | |
| Right click | 83 | |
| Select / deselect | 123 | |
| Select group hotkey | 90 | |
| Use ability | 22 | |
370 total
» units
| Acolyte | 2 | |
| Ghoul | 3 | |
| Crypt Fiend | 6 | |
11 total
» upgrades
| Creature Attack | 1 | |
| Creature Carapace | 1 | |
2 total
» buildings
| Altar of Darkness | 1 | |
| Ziggurat | 4 | |
| Crypt | 1 | |
| Graveyard | 1 | |
| Tomb of Relics | 1 | |
| Nerubian Tower | 4 | |
| Spirit Tower | 2 | |
| Halls of the Dead | 1 | |
| Necropolis | 1 | |
16 total
» build order
00:11 Altar of Darkness
00:12 Ziggurat
00:37 Crypt
00:59 Graveyard
01:17 Ziggurat
02:47 Ziggurat
03:27 Tomb of Relics
04:55 Ziggurat
05:42 Nerubian Tower
05:42 Spirit Tower
06:16 Halls of the Dead
06:39 Necropolis
07:01 Spirit Tower
07:03 Nerubian Tower
07:03 Nerubian Tower
07:03 Nerubian Tower
aoeysrtyil (
green | 26 APM | 193 actions | 07:17)
2 Death Knight
1 Death Coil
1 Unholy Aura
» actions
| Assign group hotkey | 6 | |
| Basic commands | 1 | |
| Build / train | 20 | |
| Enter build submenu | 8 | |
| Enter hero's abilities submenu | 2 | |
| Right click | 76 | |
| Select / deselect | 57 | |
| Select group hotkey | 15 | |
| Use ability | 8 | |
193 total
» units
» upgrades
| Unholy Strength | 1 | |
| Unholy Armor | 1 | |
2 total
» buildings
| Crypt | 1 | |
| Ziggurat | 4 | |
| Altar of Darkness | 1 | |
| Graveyard | 1 | |
7 total
» build order
00:06 Crypt
00:14 Ziggurat
00:49 Altar of Darkness
01:09 Ziggurat
02:13 Graveyard
03:01 Ziggurat
04:32 Ziggurat
Chat log
(00:06 / All) ColdHardKilla: Gl Hf
(00:16 / All) Chris.Hansen: I like rape
(00:17 / All) Chris.Hansen: I like rape
(00:19 / All) Chris.Hansen: I like rape
(00:22 / All) Chris.Hansen: Take a seat over there
(00:30 / Allies) aoeysrtyil: melee
(01:03 / Allies) GeT_Dummied: plan
(01:04 / Allies) GeT_Dummied: units
(01:07 / Allies) aoeysrtyil: rush
(01:09 / Allies) brttgyhtw: kill em all
(01:10 / All) Chris.Hansen: I agree my friend orange, nigers are slaves and pedophile enablers
(01:38 / All) aoeysrtyil: god bless america
(01:48 / All) Chris.Hansen: God bless Chris Hansen
(01:54 / All) aoeysrtyil: amen
(01:55 / Allies) GeT_Dummied: almost ready
(01:56 / All) ColdHardKilla: Gg
(02:07 / All) ColdHardKilla: is there a good doumentary i can watch
(02:11 / All) ColdHardKilla: about chris?
(02:22 / All) Chris.Hansen: Unfortunately not that I'm aware of
(02:34 / All) ColdHardKilla: damn ive heard alot of things about it
(02:42 / All) aoeysrtyil: who is chris hansen exactly
(02:43 / All) Chris.Hansen: His show was the only good reality TV show
(02:43 / All) ColdHardKilla: watched few cips on youtube
(03:02 / All) ColdHardKilla: cool well peace
(03:05 / All) Chris.Hansen: Peace
(04:37 / Allies) Chris.Hansen: they only have afkers
(04:38 / Allies) Chris.Hansen: just rush